 Dungeon Crawl Stone Soup version 0.31-a0-1-g4198be8af4 (webtiles) character file.

Game seed: 17552735143644924479

179432 ryw the Bludgeoner (level 17, -9/142 HPs)
             Began as a Mummy Fighter on Apr 30, 2023.
             Was the Champion of Okawaru.
             Shot with an arrow by a naga sharpshooter (23 damage)
             ... led by Vashnia
             ... on level 3 of the Snake Pit.
             The game lasted 01:23:02 (33754 turns).

ryw the Bludgeoner (Mummy Fighter)                 Turns: 33754, Time: 01:23:03

Health: -9/142     AC: 45    Str: 27    XL:     17   Next: 29%
Magic:  23/23      EV: 18    Int: 10    God:    Okawaru [******]
Gold:   678        SH:  5    Dex: 11    Spells: 16/16 levels left

rFire   + . .        D - +10 mace of Darkness {vamp, rF++}
rCold   + . .        c - +0 buckler
rNeg    + + +        I - +10 plate armour of the Ward {Will+ rCorr}
rPois   ∞            A - +0 helmet
rElec   .            d - +1 cloak
rCorr   +            F - +2 pair of gloves of the Enormous Slorg {Str+2}
SInv    .            E - +2 pair of boots
Will    +++..        j - amulet of regeneration Stlth
                     B - ring of the Hare {EV+10}
HPRegen 1.23/turn    w - ring of the Tortoise {AC+8}
MPRegen 0.18/turn

%: faith
@: no status effects
A: cold resistance 1, negative energy resistance 3, torment resistance 2, heat
vulnerability 1, in touch with death 2, no potions, faith
}: 1/15 runes: decaying
a: Renounce Religion, Heroism, Finesse, Duel


You were on level 3 of the Snake Pit.
You worshipped Okawaru.
Okawaru was exalted by your worship.
You visited 5 branches of the dungeon, and saw 28 of its levels.
You also visited: Bailey and Ice Cave.

You collected 3048 gold pieces.
You spent 2370 gold pieces at shops.

Inventory:

Hand Weapons
 q - the +7 eveningstar of Budut {flame, Drain Int+2 Stlth+}
   (You acquired it on level 1 of the Swamp)

   Int:       It affects your intelligence (+2).
   Drain:     It drains your maximum health when unequipped.
   Stlth:     It makes you more stealthy.
 z - the +10 shortbow of Day {elec, Int+6}
   (You found it on level 5 of the Lair of Beasts)

   Int:       It affects your intelligence (+6).
 D - the +10 mace of Darkness (weapon) {vamp, rF++}
   (Okawaru gifted it to you on level 5 of the Lair of Beasts)

   rF:        It greatly protects you from fire.
Missiles
 f - 2 boomerangs
 k - 9 poisoned darts (quivered)
Armour
 c - a +0 buckler (worn)
 d - a +1 cloak (worn)
 A - a +0 helmet (worn)
 E - a +2 pair of boots (worn)
 F - the +2 pair of gloves of the Enormous Slorg (worn) {Str+2}
   (Okawaru gifted it to you on level 5 of the Lair of Beasts)

   Str:       It affects your strength (+2).
 I - the +10 plate armour of the Ward (worn) {Will+ rCorr}
   (Okawaru gifted it to you on level 13 of the Dungeon)

   rCorr:     It protects you from acid and corrosion.
   Will:      It increases your willpower.
Jewellery
 e - a ring of see invisible
 j - an amulet of regeneration (around neck)
 w - the ring of the Tortoise (right hand) {AC+8}
   (You found it on level 3 of the Swamp)

   [ring of protection]

   AC:        It affects your AC (+8).
 B - the ring of the Hare (left hand) {EV+10}
   (You bought it in a shop on level 1 of the Snake Pit)

   [ring of evasion]

   EV:        It affects your evasion (+10).
Wands
 a - a wand of digging (11)
 i - a wand of iceblast (27)
 m - a wand of acid (35)
 p - a wand of polymorph (8)
 u - a wand of flame (33)
 C - a wand of mindburst (4)
Scrolls
 b - a scroll of fog
 h - 5 scrolls of brand weapon
 l - a scroll of enchant weapon
 r - 4 scrolls of amnesia
 s - 13 scrolls of identify
 t - 8 scrolls of teleportation
 v - 3 scrolls of fear
 x - 3 scrolls of torment
 y - 2 scrolls of magic mapping
 H - 2 scrolls of poison
Miscellaneous
 n - a box of beasts


   Skills:
 + Level 15.6 Fighting
 - Level 16.0 Maces & Flails
 + Level 7.1 Throwing
 + Level 13.2 Armour
 - Level 8.0 Shields
 - Level 8.0 Invocations


You had 16 spell levels left.
You didn't know any spells.
Your spell library contained the following spells:

 Spells                   Type           Power      Damage    Failure   Level
 Apportation              Tloc           0%         N/A       97%         1
 Foxfire                  Conj/Fire      0%         2x1d4     97%         1
 Freeze                   Ice            0%         1d3       97%         1
 Magic Dart               Conj           0%         1d3       97%         1
 Necrotise                Necr           0%         1d4       97%         1
 Sandblast                Erth           0%         2d4       97%         1
 Blink                    Tloc           0%         N/A       99%         2
 Cigotuvi's Dreadful Rot  Necr/Pois/Air  0%         N/A       99%         2
 Ensorcelled Hibernation  Hex/Ice        0%         N/A       99%         2
 Lesser Beckoning         Tloc           0%         N/A       99%         2
 Momentum Strike          Conj/Tloc      0%         3d8       99%         2
 Passwall                 Tmut/Erth      0%         N/A       99%         2
 Searing Ray              Conj           0%         2d4       99%         2
 Frozen Ramparts          Ice            0%         1d1       100%        3
 Gell's Gravitas          Tloc           0%         N/A       100%        3
 Hailstorm                Conj/Ice       0%         3d3       100%        3
 Ignite Poison            Fire/Tmut/Pois 0%         N/A       100%        3
 Inner Flame              Hex/Fire       0%         N/A       100%        3
 Portal Projectile        Hex/Tloc       0%         N/A       100%        3
 Stone Arrow              Conj/Erth      0%         3d7       100%        3
 Swiftness                Air            0%         N/A       100%        3
 Teleport Other           Tloc           0%         N/A       100%        3
 Fulminant Prism          Conj/Hex       0%         3d5       100%        4
 Leda's Liquefaction      Hex/Erth       0%         N/A       100%        4
 Alistair's Intoxication  Tmut/Pois      0%         N/A       100%        5
 Borgnjor's Vile Clutch   Necr/Erth      0%         N/A       100%        5
 Fireball                 Conj/Fire      0%         3d3       100%        5
 Freezing Cloud           Conj/Ice/Air   0%         6-21      100%        5
 Iskenderun's Battlesphe  Conj           0%         2d6       100%        5
 Yara's Violent Unravell  Hex/Tmut       0%         3d3       100%        5
 Dispersal                Tloc           0%         N/A       100%        6
 Eringya's Noxious Bog    Tmut/Pois      0%         N/A       100%        6
 Iron Shot                Conj/Erth      0%         9d1       100%        6
 Plasma Beam              Fire/Air       0%         2x1d11    100%        6
 Starburst                Conj/Fire      0%         6d3       100%        6
 Enfeeble                 Hex            0%         N/A       100%        7
 Summon Small Mammal      Summ           Unusable   N/A       N/A         1
 Call Canine Familiar     Summ           Unusable   N/A       N/A         3
 Animate Armour           Summ/Erth      Unusable   N/A       N/A         4
 Blade Hands              Tmut           Unusable   N/A       N/A         5
 Spellforged Servitor     Conj/Summ      Unusable   N/A       N/A         7

Dungeon Overview and Level Annotations

Branches:
Dungeon (15/15)            Temple (1/1) D:4            Lair (5/5) D:11
  Swamp (4/4) Lair:2        Snake (3/4) Lair:3        Slime (0/5) Lair:4
    Orc (0/2) D:9          Vaults (0/5) D:13         Depths (0/4) D:15
 Bailey (visited)           IceCv (visited)

Altars:
Dithmenos
Gozag
Hepliaklqana
Kikubaaqudgha
Makhleb
Nemelex Xobeh
Okawaru
Qazlal
Ru
Sif Muna
Trog
Uskayaw
Vehumet
Xom
Yredelemnul
Jiyva

Shops:
D:11 (   D:13 ?   Snake:1 ::=

Annotations:
D:6 1 runed translucent door
Snake:3 Roxanne, Vashnia


Innate Abilities, Weirdness & Mutations

You are immune to poison.
Your flesh is cold resistant. (rC+)
You are immune to negative energy. (rN+++)
You are immune to unholy pain and torment.
You are vulnerable to heat. (rF-)
You are strongly in touch with the powers of death.
You do not drink.
You have a special connection with the divine. (Faith)


Message History

Vashnia spits poison at you.
The splash of poison hits you but does no damage.
You resist.
Vashnia casts a spell.
Vashnia magically shoots an arrow.
You block the arrow.
You hit Vashnia.
You feel better.
Vashnia is severely wounded.
Vashnia casts a spell.
Vashnia magically shoots an arrow.
You block the arrow.
You hit Vashnia but do no damage.
Vashnia is severely wounded.
Vashnia points at you and mumbles some strange words.
You blink.
Vashnia shoots an arrow.
The arrow completely misses you.
You sock Vashnia!
You feel better.
Vashnia is almost dead.
You hit Vashnia.
Vashnia is almost dead.
Vashnia shoots an arrow.
The arrow hits you!!
* * * LOW HITPOINT WARNING * * *
You closely miss Vashnia.
Vashnia is almost dead.
Vashnia spits poison at you.
The splash of poison hits you but does no damage.
You resist.
You barely miss Vashnia.
Vashnia is almost dead.
The naga sharpshooter mumbles some strange words.
The naga sharpshooter magically shoots an arrow.
The arrow hits you!
* * * LOW HITPOINT WARNING * * *
You miss Vashnia.
Vashnia is almost dead.
Vashnia shoots an arrow.
The arrow barely misses you.
You barely miss Vashnia.
Vashnia is almost dead.
The naga sharpshooter gestures wildly while chanting.
The naga sharpshooter magically shoots an arrow.
The arrow hits you!!
You die...

#### ### #..# #.# #..#
#### #.# #..######..#
#.####...(.#.##.####
#...#....N..N.#.>..#
#...###..###.@##.#.##
#..##.#.##.##....##.##
#.....<.)(..##....##.#
.....
#.###.)...(..........#
..... ###
#(N.(....#.....##........
##(......####.#..#.##)...
#......(##....######.....
#(N([..##.........##.##
#.....(#..........#...##


You could see Vashnia (catching breath) and a naga sharpshooter.

Vanquished Creatures
  Kirke (D:14)
  A fenstrider witch (Swamp:3)
  2 thorn hunters (Swamp:4)
  Aizul (Snake:3)
  A ghoul (Swamp:3)
  4 eleionomae
  3 dire elephants (Lair:5)
  A bunyip (Swamp:3)
  Snorg (D:14)
  A fire dragon (D:15)
  A shambling mangrove (Swamp:2)
  A rakshasa (D:15)
  An ice dragon (D:15)
  A vault guard (D:13)
  A spriggan air mage (Swamp:3)
  20 hydras
  An entropy weaver (shapeshifter) (D:14)
  2 ghost crabs
  An ogre mage (D:15)
  A salamander tyrant (Snake:2)
  3 centaur warriors
  7 anacondas
  3 catoblepae
  5 boulder beetles
  2 tengu warriors
  8 alligators
  5 two-headed ogres
  5 naga warriors
  A shock serpent (Snake:2)
  2 spriggan berserkers
  4 naga sharpshooters
  2 skysharks
  A spectral death yak (Lair:5)
  Amaemon (D:11)
  5 goliath frogs
  A bunyip zombie (Swamp:3)
  9 spriggan druids
  A salamander mystic (Snake:2)
  4 naga ritualists
  7 swamp dragons
  A death drake (Swamp:2)
  A spectral anaconda (Lair:5)
  2 obsidian statues
  7 necromancers
  8 bog bodies
  2 deep elf pyromancers
  5 ugly things
  3 will-o-the-wisps
  8 salamanders
  4 manticores
  12 mana vipers
  2 dire elephant zombies (Lair:5)
  2 cyclopes
  14 elephants
  2 guardian serpents
  25 black mambas
  5 naga magi
  A gargoyle (D:7)
  Maggie (Lair:2)
  18 cane toads
  7 komodo dragons
  A tengu conjurer (D:14)
  An orange demon (D:11)
  2 freezing wraiths
  3 rime drakes
  An ice devil (IceCv)
  A hydra zombie (Swamp:3)
  A queen bee (shapeshifter) (D:15)
  2 trolls
  3 tyrant leeches
  7 hornets
  3 meliai
  3 polar bears
  21 blink frogs
  An alligator zombie (Swamp:3)
  5 dream sheep (Lair:5)
  13 slime creatures
  Sigmund (D:2)
  2 shadows
  12 spriggans
  68 yaks
  A dire elephant simulacrum (IceCv)
  A wraith (D:12)
  2 wyverns
  24 humans
  3 basilisks
  2 minotaur simulacra (IceCv)
  6 steam dragons
  A death yak simulacrum (Lair:5)
  A harpy simulacrum (IceCv)
  17 nagas
  17 vampire mosquitoes
  13 swamp worms
  An acid dragon (D:10)
  13 water moccasins
  16 swamp drakes
  17 orc warriors
  A black bear (Lair:1)
  A sky beast (D:8)
  2 swamp dragon zombies (Swamp:3)
  3 elephant zombies (Lair:5)
  14 centaurs
  4 ogres
  4 elephant skeletons (Lair:5)
  17 wolves
  4 kobold brigands
  A phantom (D:5)
  12 bullfrogs
  4 gnoll sergeants
  2 cane toad simulacra (Lair:5)
  6 scorpions
  An elephant simulacrum (Lair:5)
  17 killer bees
  A lindwurm simulacrum (IceCv)
  A howler monkey (D:8)
  A jelly (D:4)
  2 hounds
  9 orc priests
  Crazy Yiuf (D:2)
  3 sleepcaps
  3 iguanas
  9 orc wizards
  29 gnolls
  5 adders
  2 shadow imps
  A white imp (D:7)
  3 worms
  2 dart slugs
  50 orcs
  6 endoplasms
  5 giant cockroaches
  20 goblins
  12 hobgoblins
  9 quokkas
  6 ball pythons
  5 bats
  4 frilled lizards
  22 kobolds
  3 rats
845 creatures vanquished.

Vanquished Creatures (collateral kills)
  A rat (D:2)
1 creature vanquished.

Vanquished Creatures (others)
  A spriggan druid (Swamp:3)
  An elephant (Lair:5)
  A tyrant leech (Swamp:3)
  A gnoll (D:6)
  A bush (D:15)
  18 foxfires
  85 fungi
  59 plants
  16 withered plants (Lair:5)
183 creatures vanquished.

Grand Total: 1029 creatures vanquished

Notes
Turn   | Place    | Note
-------+----------+-------------------------------------------
     0 | D:1      | ryw the Mummy Fighter began the quest for the Orb.
     0 | D:1      | Reached XP level 1. HP: 18/18 MP: 1/1
   234 | D:1      | Reached XP level 2. HP: 23/24 MP: 2/2
   897 | D:2      | Reached skill level 2 in Maces & Flails
   904 | D:2      | Noticed Sigmund
  1044 | D:2      | Gained mutation: You are in touch with the powers of death.
                  | [Mummy growth]
  1044 | D:2      | Reached XP level 3. HP: 29/29 MP: 3/3
  1088 | D:2      | Identified the +0 leather armour of Peek-a-Boo {rF+ Int-5
                  | Dex+5}
  1255 | D:3      | Found a radiant altar of Vehumet.
  1510 | D:3      | Reached XP level 4. HP: 35/35 MP: 4/4
  1806 | D:3      | Found a hazy altar of Hepliaklqana.
  2183 | D:4      | Reached skill level 3 in Maces & Flails
  2183 | D:4      | Reached XP level 5. HP: 41/42 MP: 5/5
  2715 | D:4      | Found a staircase to the Ecumenical Temple.
  2724 | Temple   | Entered the Ecumenical Temple
  2778 | Temple   | Became a worshipper of Warmaster Okawaru
  3054 | D:4      | Reached XP level 6. HP: 48/48 MP: 6/6
  3246 | D:4      | Found a bloodstained altar of Trog.
  3412 | D:5      | Entered Level 5 of the Dungeon
  3462 | D:5      | Reached skill level 4 in Maces & Flails
  3629 | D:5      | Noticed a yak
  3629 | D:5      | Noticed a yak
  3630 | D:5      | Noticed a yak
  3901 | D:5      | Reached * piety under Okawaru
  3902 | D:5      | Reached XP level 7. HP: 49/55 MP: 7/7
  3992 | D:5      | Found a glowing drain.
  4275 | D:5      | Killed a yak
  4275 | D:5      | Killed a yak
  4283 | D:5      | Killed a yak
  4283 | D:5      | Reached ** piety under Okawaru
  4284 | D:5      | Reached skill level 5 in Fighting
  4284 | D:5      | Reached skill level 5 in Maces & Flails
  4284 | D:5      | Reached XP level 8. HP: 48/62 MP: 8/8
  4639 | D:2      | Killed Sigmund
  4669 | D:2      | Found a runed translucent door.
  4670 | D:2      | Noticed Crazy Yiuf
  4868 | D:2      | Killed Crazy Yiuf
  5372 | D:6      | Found a runed translucent door.
  5373 | D:6      | Found a basalt altar of Yredelemnul.
  5509 | D:6      | Reached skill level 6 in Maces & Flails
  5773 | D:6      | Reached *** piety under Okawaru
  5774 | D:6      | Reached skill level 1 in Invocations
  5823 | D:6      | Identified the +0 robe of Rotten Lucidity {rN+ Int+3}
  5846 | D:6      | Reached XP level 9. HP: 22/69 MP: 8/10
  6075 | D:6      | Found a sparkling altar of Nemelex Xobeh.
  6287 | D:7      | Reached skill level 5 in Armour
  6287 | D:7      | Reached skill level 5 in Shields
  6496 | D:7      | Reached skill level 7 in Maces & Flails
  6499 | D:7      | Noticed a gargoyle
  6510 | D:7      | Killed a gargoyle
  6611 | D:7      | Reached **** piety under Okawaru
  6915 | D:8      | Reached XP level 10. HP: 79/79 MP: 11/11
  7322 | D:8      | Found a flagged portal.
  7372 | Bailey   | Entered a bailey
  7653 | Bailey   | Reached skill level 8 in Maces & Flails
  8041 | Bailey   | Noticed an orc warlord
  8103 | Bailey   | Noticed an orc knight
  8103 | Bailey   | Identified the +3 arbalest of Faixoin {drain, Stlth+}
  8334 | D:8      | Reached ***** piety under Okawaru
  8461 | D:8      | Noticed a two-headed ogre
  8469 | D:8      | Killed a two-headed ogre
  8495 | D:8      | Found a burning altar of Makhleb.
  8697 | D:8      | Found a shimmering blue altar of Sif Muna.
  8773 | D:8      | Found a hide-covered altar of Uskayaw.
  9515 | D:9      | Found a staircase to the Orcish Mines.
  9573 | D:9      | Noticed a two-headed ogre
  9580 | D:9      | Killed a two-headed ogre
  9581 | D:9      | Reached skill level 9 in Maces & Flails
  9672 | D:9      | Reached XP level 11. HP: 86/86 MP: 14/14
 10345 | D:10     | Entered Level 10 of the Dungeon
 10391 | D:10     | Found a stormy altar of Qazlal.
 10436 | D:10     | Identified the +0 robe of Darkness {rElec Dex+3} (Okawaru
                  | gifted it to you on level 10 of the Dungeon)
 10436 | D:10     | Received a gift from Okawaru
 11084 | D:9      | Reached skill level 5 in Invocations
 11123 | D:10     | Found a shadowy altar of Dithmenos.
 11398 | D:11     | Noticed Amaemon
 11717 | D:11     | Killed Amaemon
 11718 | D:11     | Reached skill level 10 in Maces & Flails
 11876 | D:11     | Found a staircase to the Lair.
 11879 | D:11     | Noticed a two-headed ogre
 11904 | D:11     | Killed a two-headed ogre
 11904 | D:11     | Reached ****** piety under Okawaru
 12072 | D:11     | Identified the +2 plate armour of the Garden {Drain +Blink
                  | rF++ rC+} (Okawaru gifted it to you on level 11 of the
                  | Dungeon)
 12072 | D:11     | Received a gift from Okawaru
 12073 | D:11     | Reached XP level 12. HP: 95/95 MP: 16/16
 12462 | D:11     | Found Ogecaiz's Antique Weapon Shop.
 12690 | Lair:1   | Entered Level 1 of the Lair of Beasts
 13221 | Lair:1   | Noticed a boulder beetle
 13250 | Lair:1   | Killed a boulder beetle
 13251 | Lair:1   | Reached skill level 11 in Maces & Flails
 13733 | Lair:2   | Noticed a boulder beetle
 13770 | Lair:1   | Killed a boulder beetle
 13770 | Lair:1   | Identified the +1 mace of Defence {flame, rPois Dex+3
                  | Stlth+} (Okawaru gifted it to you on level 1 of the Lair of
                  | Beasts)
 13770 | Lair:1   | Received a gift from Okawaru
 13872 | Lair:2   | Reached skill level 10 in Fighting
 14191 | Lair:2   | Noticed a catoblepas
 14223 | Lair:2   | Killed a catoblepas
 14443 | Lair:2   | Gained mutation: You are strongly in touch with the powers
                  | of death. [Mummy growth]
 14443 | Lair:2   | Reached XP level 13. HP: 90/103 MP: 17/17
 14562 | Lair:2   | Identified the +2 hand axe "Nooqiz" {flame, rPois rC- Str+8
                  | Int+3} (Okawaru gifted it to you on level 2 of the Lair of
                  | Beasts)
 14562 | Lair:2   | Received a gift from Okawaru
 14647 | Lair:2   | Reached skill level 12 in Maces & Flails
 14800 | Lair:2   | You fall into a shaft and drop 2 floors!
 14842 | Lair:4   | Identified a scroll of acquirement
 14891 | Lair:3   | Acquired 864 gold pieces
 15075 | Lair:2   | Noticed Maggie
 15085 | Lair:2   | Killed Maggie
 15133 | Lair:2   | Found a staircase to the Swamp.
 16456 | Lair:3   | Found a staircase to the Snake Pit.
 16720 | Lair:4   | Identified the +1 dire flail of Action {drain, rC+ Dex+3}
                  | (Okawaru gifted it to you on level 4 of the Lair of Beasts)
 16720 | Lair:4   | Received a gift from Okawaru
 16878 | Lair:4   | Found a staircase to the Slime Pits.
 16880 | Lair:4   | Found a viscous altar of Jiyva.
 17444 | Lair:4   | Reached skill level 13 in Maces & Flails
 17620 | Lair:5   | Entered Level 5 of the Lair of Beasts
 18010 | Lair:5   | Identified the +10 mace of Darkness {vamp, rF++} (Okawaru
                  | gifted it to you on level 5 of the Lair of Beasts)
 18010 | Lair:5   | Received a gift from Okawaru
 18301 | Lair:5   | Reached XP level 14. HP: 113/113 MP: 18/18
 18484 | Lair:5   | Identified the +2 pair of gloves of the Enormous Slorg
                  | {Str+2} (Okawaru gifted it to you on level 5 of the Lair of
                  | Beasts)
 18484 | Lair:5   | Received a gift from Okawaru
 18675 | Lair:5   | Reached skill level 10 in Armour
 18696 | Lair:5   | Identified the +10 shortbow of Day {elec, Int+6}
 19169 | Lair:5   | Reached skill level 14 in Maces & Flails
 20866 | D:13     | Identified the +10 plate armour of the Ward {Will+ rCorr}
                  | (Okawaru gifted it to you on level 13 of the Dungeon)
 20866 | D:13     | Received a gift from Okawaru
 21162 | D:13     | Found a gate to the Vaults.
 21931 | D:13     | Found Jaotwaga's Magic Scroll Emporium.
 21934 | D:13     | Bought a scroll of teleportation for 33 gold pieces
 21934 | D:13     | Bought a scroll of teleportation for 33 gold pieces
 22161 | D:14     | Noticed Snorg
 22182 | D:14     | Killed Snorg
 22308 | D:14     | Identified the +2 quarterstaff "Uppa Ydo" {protect, rPois
                  | rN+}
 22404 | D:14     | Noticed Kirke
 22415 | D:14     | Killed Kirke
 22459 | D:13     | Reached XP level 15. HP: 122/122 MP: 19/19
 22671 | D:14     | Identified the +0 plate armour of the Goldsmith {Str+2}
                  | (Okawaru gifted it to you on level 14 of the Dungeon)
 22671 | D:14     | Received a gift from Okawaru
 22753 | D:14     | Reached skill level 15 in Maces & Flails
 22961 | D:15     | Entered Level 15 of the Dungeon
 23610 | D:15     | Found a staircase to the Depths.
 24463 | Swamp:1  | Entered Level 1 of the Swamp
 24495 | Swamp:1  | Acquired the +7 eveningstar of Budut {flame, Drain Int+2
                  | Stlth+}
 24507 | Lair:2   | Upgraded the game from 0.30-a0-1164-ge08a67761e to
                  | 0.31-a0-1-g4198be8af4
 24667 | Swamp:1  | Reached skill level 1 in Throwing
 24872 | Lair:2   | Identified the +1 morningstar "Voreph" {antimagic, rF+
                  | Str+2 Int+2} (Okawaru gifted it to you on level 2 of the
                  | Lair of Beasts)
 24872 | Lair:2   | Received a gift from Okawaru
 25232 | Swamp:1  | Identified the +11 falchion of Evil {speed, Stlth+}
 25283 | Swamp:1  | HP: 4/117 [bog body (21)]
 25903 | Swamp:2  | Identified the +2 short sword of Jugaun {spect, Drain rF+
                  | rCorr Int+3}
 25938 | Swamp:2  | Received a gift from Okawaru
 26011 | Swamp:2  | Identified the +5 demon blade of Gosasuo {venom, *Slow rF+
                  | Dex+3 Stlth+} (Okawaru gifted it to you on level 2 of the
                  | Swamp)
 26011 | Swamp:2  | Received a gift from Okawaru
 26414 | Swamp:2  | Identified the +8 whip "Josaogup" {antimagic, rN+ Str+5
                  | Int-3}
 26844 | Swamp:3  | Reached skill level 16 in Maces & Flails
 26928 | Swamp:3  | Reached XP level 16. HP: 99/132 MP: 21/21
 27059 | Swamp:3  | Received a gift from Okawaru
 27536 | Swamp:3  | Identified the +4 battleaxe "Earthworm" {vamp, SInv}
 27832 | Swamp:3  | Found the ring of the Tortoise {AC+8}
 28068 | Swamp:4  | Entered Level 4 of the Swamp
 28288 | Swamp:4  | Identified the +0 pair of boots of the Gastropod {rCorr
                  | Int+2} (Okawaru gifted it to you on level 4 of the Swamp)
 28288 | Swamp:4  | Received a gift from Okawaru
 28596 | Swamp:4  | Noticed a thorn hunter
 28630 | Swamp:4  | Killed a thorn hunter
 28837 | Swamp:4  | Noticed a thorn hunter
 29354 | Swamp:4  | Reached skill level 5 in Throwing
 29458 | Swamp:4  | Got a decaying rune of Zot
 29483 | Swamp:4  | Killed a thorn hunter
 29750 | Snake:1  | Entered Level 1 of the Snake Pit
 30273 | Snake:1  | Identified the +8 flail "Ucem" {venom, Int+2} (Okawaru
                  | gifted it to you on level 1 of the Snake Pit)
 30273 | Snake:1  | Received a gift from Okawaru
 30630 | Snake:1  | Found a shadowy altar of Dithmenos.
 30699 | Snake:1  | Found Sisepn's Book Boutique.
 30700 | Snake:1  | Found Typpoabi's Jewellery Shoppe.
 30701 | Snake:1  | Found Utitzim's Book Boutique.
 30713 | Snake:1  | Bought the ring of the Hare {EV+10} for 2304 gold pieces
 30713 | Snake:1  | Found the ring of the Hare {EV+10}
 31104 | Snake:2  | Reached skill level 15 in Fighting
 31109 | Snake:2  | Found a frozen archway.
 31147 | IceCv    | Entered an ice cave
 31702 | Snake:2  | Reached XP level 17. HP: 128/142 MP: 23/23
 31901 | Snake:2  | Received a gift from Okawaru
 32492 | Snake:3  | Identified Roxanne's Octavo of Topomancy
 32492 | Snake:3  | Noticed Roxanne
 32663 | Snake:3  | Noticed Aizul
 32681 | Snake:3  | Killed Aizul
 32826 | Snake:3  | Noticed Vashnia
 33344 | Snake:2  | Received a gift from Okawaru
 33754 | Snake:3  | Shot with an arrow by a naga sharpshooter

Illustrated notes

Levels and vault maps discovered:
D:1:      nicolae_arrival_somewhat_less_tricky_arrival, layout_basic
D:2:      layout_rooms, uniq_sigmund, uniq_crazy_yiuf_cottage
D:3:      layout_basic, worldfamousw_hep_ancestral_shrine, old_standard_altar
D:4:      layout_layer_cave, mainiacjoe_overflow_alcove_2,
          minmay_temple_entry_junction, minmay_close_crescents
D:5:      layout_basic, nicolae_tso_swordbearing_angel, gup_sewer_entry_glass
D:6:      layout_basic, nicolae_overflow_hidden_temple, dk_yredelemnul_ordeal,
          nicolae_hexahallways
D:7:      layout_loops_ring
D:8:      layout_loops_corners, kennysheep_mini_moat, jmf_multi_god_temple,
          nicolae_ossuary_entry_false_entrances, lightli_bailey_entry_fortress
D:9:      layout_roguey, orc_0_dummy
D:10:     layout_irregular_city, grunt_qazlal_sundering,
          grunt_dithmenos_shadows, dreamdust_wishing_well
D:11:     layout_loops_ring, due_lair_maze_entry_diamond, serial_shops,
          nicolae_shop_just_a_little_nook, nicolae_elevator_lobby_asterisk,
          uniq_amaemon
D:12:     layout_loops_corners
D:13:     layout_layer_cave, grunt_vaults_entry_tiered, serial_shops,
          nicolae_shop_rolled_up, minivault_16
D:14:     layout_gridville, minmay_crystal_room, uniq_snorg, uniq_kirke
D:15:     grunt_enter_depths_hoard, layout_cave_pods, minmay_hedge_maze
Temple:   jpeg_temple_clearing
Lair:1:   layout_regular_city, grunt_megastairs_3
Lair:2:   layout_chaotic_city, minmay_swamp_entry_worms,
          minmay_shattered_shrine, uniq_maggie
Lair:3:   layout_roguey, minmay_snake_entry_guardpost_medium,
          nzn_sisyphean_effort, lemuel_fruit_fields
Lair:4:   layout_layer_cave, dpeg_slime_entry_corner
Lair:5:   due_jungle_book, layout_cave_pods, infiniplex_staircase_pool_2
Swamp:1:  layout_falls_marsh, evilmike_swamp_ruin_house_5
Swamp:2:  layout_basic_swamp, evilmike_swamp_ruin_house_1, swamp_pool3
Swamp:3:  nzn_winding_woodlands_medium [nzn_winding_woodlands_5x5_three,
          nzn_winding_woodlands_5x15_pathside_ponds,
          nzn_winding_woodlands_5x5_cross, nzn_winding_woodlands_5x5_default,
          nzn_winding_woodlands_center_triple_pond,
          nzn_winding_woodlands_hourglass, nzn_winding_woodlands_5x5_default,
          nzn_winding_woodlands_5x15_sawtooth,
          nzn_winding_woodlands_5x5_open_star], layout_basic_swamp,
          evilmike_swamp_ruin_house_2, swamp_pool5,
          nicolae_swamp_necromancer_hut
Swamp:4:  swamp_basic_johnstein, layout_basic_swamp, swamp_pool4
Snake:1:  layout_chambers, basic_altar, minmay_shop_grove
Snake:2:  layout_misc_corridors, portal_ice_cave_entry_pillars_four
Snake:3:  layout_honeycomb, drop_trap, uniq_roxanne, uniq_vashnia, uniq_aizul

Skill      XL: |  1  2  3  4  5  6  7  8  9 10 11 12 13 14 15 16 17 |
---------------+----------------------------------------------------+-----
Maces & Flails | 2 3 4 5 6 7 9 10 11 13 14 16 | 16.0
Armour         | 3 4 5 6 7 8 9 10 11 12 13 | 13.2
Shields        | 3 4 5 6 7 8 |  8.0
Fighting       | 4 5 6 7 8 9 10 11 12 13 15 | 15.6
Invocations    | 1 2 4 5 6 8 |  8.0
Throwing       | 2 6 7 |  7.1

Action                     |  1- 3 |  4- 6 |  7- 9 | 10-12 | 13-15 | 16-18 || total
---------------------------+-------+-------+-------+-------+-------+-------++-------
  Melee: Flail             |   133 |   146 |   213 |   435 |       |       ||   927
         Morningstar       |       |       |       |   712 |   530 |       ||  1242
         Mace              |       |       |       |       |  1611 |  1311 ||  2922
         Eveningstar       |       |       |       |       |    55 |       ||    55
  Throw: Dart              |       |       |    18 |    39 |    34 |    61 ||   152
         Javelin           |       |       |       |       |       |    27 ||    27
 Invoke: Heroism           |       |       |     7 |    12 |     8 |       ||    27
         Finesse           |       |       |       |     3 |     3 |       ||     6
  Evoke: Wand              |       |       |     7 |       |       |       ||     7
    Use: Scroll            |     6 |     5 |     3 |     5 |    10 |     3 ||    32
   Stab: Confused          |       |       |       |       |       |     1 ||     1
 Armour: Scale mail        |   100 |    70 |    95 |    92 |       |       ||   357
         Plate armour      |       |       |       |   628 |  1891 |  1290 ||  3809
  Dodge: Dodged            |    90 |    60 |    75 |   333 |   714 |   702 ||  1974
  Block: Buckler           |    33 |    36 |    46 |   302 |   570 |   379 ||  1366

Table legend: (Time is in decaauts)
 A = Elapsed time spent in this place.
 B = Non-inter-level travel time spent in this place.
 C = Inter-level travel time spent in this place.
 D = Time resting spent in this place.
 E = Time spent auto-exploring this place.
 F = Levels seen in this place.
 G = Mean time per level.
                   A        B        C        D        E       F      G
               +--------+--------+--------+--------+--------+-----+--------+
         Total |  33207 |  31469 |   1738 |   4838 |  17401 |  30 | 1106.9 |
       Dungeon |  16254 |  15286 |    968 |   1607 |   9890 |  15 | 1083.6 |
        Temple |     68 |     36 |     32 |      0 |     27 |   1 |   68.0 |
          Lair |   7211 |   6861 |    350 |    830 |   3759 |   5 | 1442.2 |
         Swamp |   4967 |   4723 |    244 |   1172 |   2042 |   4 | 1241.8 |
     Snake Pit |   3628 |   3486 |    142 |    879 |   1645 |   3 | 1209.3 |
        Bailey |    893 |    893 |      0 |    291 |     12 |   1 |  893.0 |
      Ice Cave |    182 |    182 |      0 |     59 |     26 |   1 |  182.0 |
               +--------+--------+--------+--------+--------+-----+--------+

Top non-repeatable levels by time:
  Lair:2: 1985 daAuts
 Snake:2: 1867 daAuts
  Lair:5: 1839 daAuts
    D:13: 1658 daAuts
 Swamp:3: 1643 daAuts
     D:8: 1412 daAuts
 Swamp:4: 1411 daAuts
 Snake:1: 1293 daAuts
     D:4: 1290 daAuts
    D:10: 1238 daAuts
  Lair:4: 1191 daAuts
     D:6: 1189 daAuts
  Lair:1: 1177 daAuts
     D:5: 1098 daAuts
    D:15: 1087 daAuts
